 Dungeon Crawl Stone Soup version 0.29.1-13-g9f3cf754e1 (webtiles) character file.

Game seed: 1791215778870449092

56 protoss039 the Digger (level 3, -3/27 HPs)
             Began as a Demonspawn Earth Elementalist on Feb 8, 2023.
             Was an Initiate of Vehumet.
             Killed by divine providence
             ... invoked by an orc priest
              (12 damage)
             ... on level 3 of the Dungeon.
             The game lasted 00:03:18 (2718 turns).

protoss039 the Digger (DsEE)                        Turns: 2718, Time: 00:03:18

Health: -3/27      AC:  3    Str: 10    XL:     3   Next: 69%
Magic:  6/6        EV: 12    Int: 21    God:    Vehumet [......]
Gold:   100        SH:  7    Dex: 19    Spells: 4/7 levels left

rFire   . . .      SeeInvis .   g - +0 dagger
rCold   . . .      Faith    .   r - +3 buckler "Xamu" {rElec Str+2 Int+3}
rNeg    . . .      Spirit   .   a - +0 robe
rPois   .          Reflect  .   (no helmet)
rElec   +          Harm     .   (no cloak)
rCorr   .          Rampage  .   l - +0 pair of gloves
Will    .....                   (no boots)
Stlth   ++........              (no amulet)
HPRegen 0.09/turn               e - +6 ring of dexterity
MPRegen 0.10/turn               m - ring of wizardry

@: no status effects
A: powered by death 1
a: Renounce Religion


You were on level 3 of the Dungeon.
You worshipped Vehumet.
Vehumet was noncommittal.
You visited 1 branch of the dungeon, and saw 3 of its levels.

You collected 100 gold pieces.

Inventory:

Hand Weapons
 g - a +0 dagger (weapon)
Armour
 a - a +0 robe (worn)
 l - a +0 pair of gloves (worn)
 r - the +3 buckler "Xamu" (worn) {rElec Str+2 Int+3}
   (You found it on level 2 of the Dungeon)

   Str:       It affects your strength (+2).
   Int:       It affects your intelligence (+3).
   rElec:     It insulates you from electricity.
Jewellery
 e - a +6 ring of dexterity (left hand)
 m - a ring of wizardry (right hand)
 o - a ring of fire
Wands
 p - a wand of mindburst (23)
Scrolls
 h - 5 scrolls of vulnerability {unknown}
 j - 3 scrolls of identify {unknown}
 k - a scroll of enchant armour {unknown}
 q - a scroll of noise {unknown}
Potions
 c - a potion of heal wounds {unknown}
 d - 2 potions of might {unknown}
 f - 2 potions of curing {unknown}
 i - a potion of invisibility {unknown}
 n - a potion of degeneration {unknown}
 s - a potion of ambrosia {unknown}
 t - 2 potions of cancellation {unknown}
 u - a potion of mutation {unknown}


   Skills:
 * Level 1.8 Fighting
 - Level 1.7 Dodging
 - Level 1.7 Stealth
 + Level 0.5 Shields
 + Level 2.6 Spellcasting
 - Level 0.8 Transmutations
 + Level 3.2 Earth Magic


You had 4 spell levels left.
You knew the following spells:

 Your Spells              Type           Power      Damage    Failure   Level
a - Sandblast             Erth           32%        2d9       1%          1
b - Passwall              Tmut/Erth      9%         N/A       4%          2

Your spell library contained the following spells:

 Spells                   Type           Power      Damage    Failure   Level
 Stone Arrow              Conj/Erth      18%        3d8       12%         3
 Ignite Poison            Fire/Tmut/Pois 3%         N/A       21%         3
 Conjure Flame            Conj/Fire      2%         6-21      22%         3
 Petrify                  Tmut/Erth      11%        N/A       32%         4
 Sticky Flame             Conj/Fire      2%         2d3       56%         4


Dungeon Overview and Level Annotations

Branches:
Dungeon (3/15) Zot: 15262

Altars:
Vehumet

Shops:
D:1 *

Annotations:
D:2 Sigmund


Innate Abilities, Weirdness & Mutations

You regenerate a little health from kills.


Message History

You hit the orc priest but do no damage.
The orc priest is moderately wounded.
You block the orc priest's attack.
You hit the orc priest.
The orc priest is moderately wounded.
The orc priest barely misses you.
You hit the orc priest but do no damage.
The orc priest is moderately wounded.
The orc priest closely misses you.
You hit the orc priest but do no damage.
The orc priest is moderately wounded.
The orc priest hits you but does no damage.
You closely miss the orc priest.
The orc priest is moderately wounded.
The orc priest invokes the aid of Beogh against you.
You barely resist. You hit the orc priest.
The orc priest is heavily wounded.
The orc priest invokes the aid of Beogh against you.
Beogh smites you!
You barely miss the orc priest.
The orc priest is heavily wounded.
The orc priest hits you with a +0 club.
You hit the orc priest but do no damage.
The orc priest is heavily wounded.
The orc priest hits you with a +0 club.
Casting: Sandblast (safe; 1% risk of failure)
Confirm with . or Enter, or press ? or * to list all spells.
Aiming: Sandblast (safe; 1% risk of failure)
Press: ? - help, Shift-Dir - straight line, p - orc priest The blast of sand misses the orc priest.
You block the orc priest's attack. The orc priest misses you.
Unknown command.
Unknown command.
Okay, then.
Okay, then.
Magic courses through your body.
The orc priest invokes the aid of Beogh against you.
Beogh smites you!
You die...

#######.#.# ##..#
#.....#.#.#######.##
#.....'.............
#.....#.......###..#
#.#...#.............
#.#.#.......######
#.#.#.......#
#.#.#.......#
#@#.#.......#
#o#.#.####### #.#<#.
### .)..# #[. (.#
#.# #### #.# #.# #.
#.# #.# #.#


You could see an orc priest.

Vanquished Creatures
  An adder (D:3)
  A worm (D:3)
  A dart slug (D:3)
  3 orcs (D:3)
  4 bats
  3 endoplasms
  3 giant cockroaches
  5 goblins (D:1)
  2 hobgoblins (D:1)
  2 quokkas
  A ball python (D:2)
  6 kobolds
  3 rats
35 creatures vanquished.

Notes
Turn   | Place    | Note
-------+----------+-------------------------------------------
     0 | D:1      | protoss039 the Demonspawn Earth Elementalist began the
                  | quest for the Orb.
     0 | D:1      | Reached XP level 1. HP: 13/13 MP: 3/3
   113 | D:1      | Found a faded altar of an unknown god.
   325 | D:1      | Gained mutation: You regenerate a little health from kills.
                  | [demonic ancestry]
   325 | D:1      | Reached XP level 2. HP: 11/20 MP: 1/5
   564 | D:1      | Reached skill level 3 in Earth Magic
   681 | D:1      | Reached skill level 1 in Fighting
  1046 | D:1      | Found Saqo Ymu's Assorted Antiques.
  1219 | D:1      | Learned a level 2 spell: Passwall
  1536 | D:2      | Found a radiant altar of Vehumet.
  1571 | D:2      | Became a worshipper of Vehumet
  1678 | D:2      | Identified the +3 buckler "Xamu" {rElec Str+2 Int+3}
  1713 | D:2      | Noticed Sigmund
  2308 | D:3      | Reached XP level 3. HP: 26/26 MP: 4/6
  2718 | D:3      | Killed from afar by an orc priest

Illustrated notes

Levels and vault maps discovered:
D:1:      minmay_arrival_nine_rooms, layout_loops_ring, serial_shops,
          nicolae_shop_advertising_works [nicolae_subvault_shop_adworks],
          basic_ecumenical_altar, chequers_serial_rivers_micro_a,
          chequers_serial_rivers_room_a
D:2:      layout_loops_ring, basic_altar, hangedman_decor_points, uniq_sigmund
D:3:      layout_basic, nicolae_wu_jian_immortal_techniques, minitemple

Skill      XL: |  1  2 |
---------------+-------+-----
Earth Magic    | 3 |  3.2
Fighting       | 1 |  1.8
Dodging        | |  1.7
Stealth        | |  1.7
Shields        | |  0.5
Spellcasting   | |  2.6
Transmutations | |  0.8

Action                   || total
-------------------------++-------
Melee: Dagger            ||    49
 Cast: Sandblast         ||    39
  Use: Potion            ||     1
 Stab: Sleeping          ||     1
Armor: Robe              ||     6
Dodge: Dodged            ||    32
Block: Buckler           ||     9
